 Dungeon Crawl Stone Soup version 0.17.0-57-g0e89251 (webtiles) character file.

212 lucasterio the Chopper (level 5, -1/63 HPs)
             Began as a Demonspawn Berserker on Dec 8, 2015.
             Was a Believer of Trog.
             Killed by divine providence
             ... invoked by an orc priest
              (11 damage)
             ... on level 3 of the Dungeon.
             The game lasted 00:06:29 (2874 turns).

lucasterio the Chopper (Demonspawn Berserker)       Turns: 2874, Time: 00:06:32

Health: -1/63      AC: 14    Str: 24    XL:     5   Next: 58%
Magic:  5/5        EV:  7    Int:  8    God:    Trog [**....]
Gold:   104        SH:  0    Dex: 12    Spells: 0 memorised, 4 levels left

rFire  . . .     SeeInvis .     a - +0 hand axe
rCold  . . .     Clarity  .     f - +0 plate armour
rNeg   . . .     SustAt   .     (no shield)
rPois  .         Gourm    .     (no helmet)
rElec  .         Spirit   .     (no cloak)
rCorr  .         Warding  .     (no gloves)
rMut   .         Stasis   .     m - +0 pair of boots
MR     .....                    (no amulet)
Stlth  ..........               (no ring)
                                (no ring)

@: berserking, very quick, not resistant to hostile enchantments, extremely
unstealthy
A: yellow scales 1, nightstalker 2
a: Berserk, Trog's Hand, Burn Spellbooks, Renounce Religion


You were on level 3 of the Dungeon.
You worshipped Trog.
Trog was pleased with you.
You were very hungry.

You visited 1 branch of the dungeon, and saw 3 of its levels.

You collected 104 gold pieces.

Inventory:

Hand Weapons
 a - a +0 hand axe (weapon)
Missiles
 e - 42 arrows
 p - 15 arrows of frost
Armour
 b - a +0 animal skin
 f - a +0 plate armour (worn)
 m - a +0 pair of boots (worn)
 q - a +0 shield
Jewellery
 k - a +3 ring of protection {unknown}
Scrolls
 d - 4 scrolls of remove curse {unknown}
 h - a scroll of recharging {unknown}
 i - a scroll of random uselessness {unknown}
 o - a scroll of immolation {unknown}
 r - 5 scrolls of identify {unknown}
 s - a scroll of enchant weapon {unknown}
 u - a scroll of enchant armour {unknown}
 v - a scroll of fog {unknown}
Potions
 g - a potion of flight {unknown}
 j - 2 potions of agility {unknown}
 t - a potion of resistance {unknown}
 w - a potion of curing {unknown}
 x - 3 potions of brilliance {unknown}
Comestibles
 c - 4 bread rations
 n - 4 fruits


   Skills:
 + Level 3.8 Fighting
 * Level 3.9 Axes
 * Level 3.9 Armour
 - Level 1.7 Dodging
 + Level 0.0 Shields


You had 4 spell levels left.
You didn't know any spells.

Dungeon Overview and Level Annotations

Branches:
Dungeon (3/15)

Altars:
Ashenzari
Elyvilon
Qazlal
Xom
Zin
The Shining One


Innate Abilities, Weirdness & Mutations

You are partially covered in yellow scales (AC +2).
You are significantly more attuned to the shadows.


Message History

The orc's wounds heal themselves!
You closely miss the orc. The orc hits you but does no damage.
The orc priest invokes the aid of Beogh against you.
Something smites you! The orc barely misses you.
You closely miss the orc. The orc hits you but does no damage.
The orc priest mumbles some strange prayers to Beogh against you.
Something smites you!
* * * LOW HITPOINT WARNING * * *
You are too injured to fight recklessly!
You are too injured to fight recklessly!
You are too injured to fight recklessly!
You are too injured to fight recklessly!
You are too injured to fight recklessly!
A red film seems to cover your vision as you go berserk!
You feel yourself moving faster!
You feel mighty!
You are feeling very hungry.
The orc closely misses you. The orc hits you but does no damage.
The orc priest invokes the aid of Beogh against you.
Something smites you!
You die...

.........#..#
######
..........#..####
...............#
#...........>..#
#........#.....#
#........#....##
#.oo....(#....#
###o###'##....#
#@# #.##....# #.#
#.##....# #.#
#.####### #.#
#....#
###########.#
####.#
#...........# #.#
#.########### #.#
#.########### #.#
#...........# #.#


You could see 2 orc priests and an orc.

Vanquished Creatures
  Ijyb (D:2)
  3 orc wizards (D:3)
  The ghost of emiel the Stinger, a weakling OpVM (D:3)
  4 adders
  2 giant geckos (D:2)
  2 orcs (D:3)
  10 bats
  3 giant cockroaches
  A hobgoblin (D:1)
  4 jackals (D:2)
  7 kobolds
  A ball python (D:1)
  5 giant newts
  4 goblins
  6 rats
54 creatures vanquished.

Notes
Turn   | Place    | Note
--------------------------------------------------------------
     0 | D:1      | lucasterio the Demonspawn Berserker began the quest for the Orb.
     0 | D:1      | Reached XP level 1. HP: 18/18 MP: 1/1
   448 | D:1      | Gained mutation: You are partially covered in yellow scales (AC +2). [demonic ancestry]
   448 | D:1      | Reached XP level 2. HP: 8/24 MP: 2/2
  1331 | D:2      | Reached ** piety under Trog
  1343 | D:2      | Reached XP level 3. HP: 29/29 MP: 3/3
  1606 | D:2      | Found a shimmering altar of Xom.
  1769 | D:2      | Noticed Ijyb
  1788 | D:2      | Killed Ijyb
  1788 | D:2      | Gained mutation: You are slightly more attuned to the shadows. [demonic ancestry]
  1788 | D:2      | Reached XP level 4. HP: 31/35 MP: 4/4
  2024 | D:2      | Found a stormy altar of Qazlal.
  2129 | D:3      | Gained mutation: You are significantly more attuned to the shadows. [demonic ancestry]
  2129 | D:3      | Reached XP level 5. HP: 23/41 MP: 5/5
  2329 | D:3      | Found a glowing silver altar of Zin.
  2329 | D:3      | Found a glowing golden altar of the Shining One.
  2329 | D:3      | Found a white marble altar of Elyvilon.
  2484 | D:3      | Noticed emiel's ghost (weakling OpVM)
  2499 | D:3      | Killed emiel's ghost
  2874 | D:3      | Killed from afar by an orc priest

Action                   |  1- 3 |  4- 6 || total
-------------------------+-------+-------++-------
Melee: Hand axe          |   187 |    91 ||   278
Invok: Berserk           |       |     2 ||     2
 Stab: Sleeping          |     1 |       ||     1
  Eat: Chunk             |     3 |     4 ||     7
